[Event "Titled Tuesday Blitz November 14 Late 2023"]
[White "Cardozo Munar, Carlos Eduardo"]
[Black "Willy, Stephen"]
[WhiteFideId "4409477"]
[BlackFideId "30981468"]
[WhiteElo "2282"]
[BlackElo "2458"]
[Result "0-1"]
[Round "4"]
[TimeControl "180+1"]
[Date "2023.11.14"]
[WhiteClock "0:00:03"]
[BlackClock "0:01:15"]
[Board "148"]

1. e4 d6 2. Nf3 e5 3. Nc3 Nc6 4. h3 g6 5. Bc4 Bg7 6. Nd5 Nf6 7. d3 O-O 8. Bg5 Nb8 9. Qd2 Nbd7 10. a3 c6 11. Nxf6+ Nxf6 12. Bh6 d5 13. exd5 cxd5 14. Bxg7 Kxg7 15. Bb3 Re8 16. O-O Bf5 17. Rfe1 e4 18. dxe4 dxe4 19. Nd4 Bd7 20. Rad1 Qc7 21. Qg5 h6 22. Qh4 Rad8 23. c3 Re5 24. Qg3 Qb8 25. Rd2 Nh5 26. Qe3 Rg5 27. Qxe4 Bxh3 28. f3 Qg3 29. Ree2 Nf4 30. Rf2 Bxg2 31. Qxf4 Qxf4 32. Rxg2 Qxd2 33. Rxg5 hxg5 0-1


[Site "https://www.chess.com"]

[Event "Titled Tuesday Blitz November 14 Late 2023"]
[White "Figorito, Nick"]
[Black "Kopacz, Grzegorz"]
[WhiteFideId "30923689"]
[BlackFideId "1109880"]
[WhiteElo "2401"]
[BlackElo "2268"]
[Result "1-0"]
[Round "4"]
[TimeControl "180+1"]
[Date "2023.11.14"]
[WhiteClock "0:00:24"]
[BlackClock "0:00:00"]
[Board "149"]

1. Nf3 c5 2. g3 Nc6 3. d4 cxd4 4. Nxd4 g6 5. c4 Bg7 6. Nc2 Nf6 7. Bg2 O-O 8. O-O d6 9. Nc3 Be6 10. b3 Qa5 11. Bb2 Qh5 12. Ne3 Bh3 13. Qd2 Bh6 14. Bf3 Qc5 15. Rfc1 Ng4 16. Ncd1 Nxe3 17. Nxe3 Rab8 18. Qc3 Ne5 19. Nd5 Rfe8 20. Bg2 Bxg2 21. Kxg2 f6 22. Rd1 Rbc8 23. Qd4 Qxd4 24. Bxd4 b6 25. Bxe5 fxe5 26. a4 e6 27. Nc3 Bf8 28. Nb5 d5 29. cxd5 exd5 30. Rxd5 a6 31. Nd6 Red8 32. Nxc8 Rxd5 33. Nxb6 Rd2 34. e3 Rb2 35. Nc4 Rxb3 36. Nxe5 Bg7 37. f4 Bxe5 38. fxe5 Rxe3 39. Rb1 Rxe5 40. Rb6 a5 41. Rb5 Re2+ 42. Kg1 Ra2 43. Rxa5 Kg7 44. Ra7+ Kg8 45. a5 h6 46. a6 Kh8 47. h4 Kg8 48. Ra8+ Kg7 49. a7 h5 50. Kf1 Kh7 51. Ke1 Kg7 52. Kd1 Kh7 53. Kc1 Kg7 54. Kb1 Ra6 55. Kc2 Ra1 56. Kd3 Kh7 57. Ke4 Kg7 58. Ke5 Ra5+ 59. Ke6 Ra6+ 60. Kd5 Ra1 61. Kc6 Rc1+ 62. Kb6 Rb1+ 63. Kc5 Rc1+ 64. Kd4 Rd1+ 65. Ke3 Ra1 66. Kf3 Ra6 67. g4 hxg4+ 68. Kxg4 Ra4+ 69. Kg5 Ra5+ 70. Kf4 Ra4+ 71. Ke5 Ra1 72. Kd6 Rd1+ 73. Kc6 Rc1+ 74. Kb5 Rb1+ 75. Kc4 Ra1 76. Kc5 Rc1+ 77. Kb5 Rb1+ 78. Kc6 Rc1+ 79. Kd6 Rd1+ 80. Kc7 Rc1+ 81. Kd8 Rd1+ 82. Ke8 Re1+ 83. Kd7 Rd1+ 84. Ke6 Re1+ 85. Kd5 Rd1+ 86. Kc4 Rc1+ 87. Kb3 Ra1 88. Kb4 Rb1+ 89. Ka3 Ra1+ 90. Kb2 Ra6 91. Kc2 Ra1 92. Kd2 Ra2+ 93. Ke3 Ra3+ 94. Kd4 Ra4+ 95. Kc5 Ra5+ 96. Kb6 Ra1 97. Rc8 1-0


[Site "https://www.chess.com"]

[Event "Titled Tuesday Blitz November 14 Late 2023"]
[White "Perry, Patrick"]
[Black "Qiao, Cindy"]
[WhiteFideId "30917727"]
[BlackFideId "2620243"]
[WhiteElo "2255"]
[BlackElo "2398"]
[Result "0-1"]
[Round "4"]
[TimeControl "180+1"]
[Date "2023.11.14"]
[WhiteClock "0:00:00"]
[BlackClock "0:01:38"]
[Board "150"]

1. e4 c5 2. d4 cxd4 3. Nf3 d6 4. Nxd4 Nf6 5. Nc3 g6 6. Be3 Bg7 7. Be2 Nc6 8. Nb3 O-O 9. O-O Bd7 10. f4 Rc8 11. Qe1 Bg4 12. Rd1 Qc7 13. a3 Rfd8 14. Bf3 Bxf3 15. gxf3 Na5 16. Nxa5 Qxa5 17. Nd5 Qxe1 18. Rfxe1 Nxd5 19. exd5 Rxc2 20. Bxa7 Rd7 21. Rc1 Rxc1 22. Rxc1 h5 23. Rc8+ Kh7 24. b3 e6 25. dxe6 fxe6 26. Re8 e5 27. fxe5 Bxe5 28. Be3 Kg7 0-1


[Site "https://www.chess.com"]

[Event "Titled Tuesday Blitz November 14 Late 2023"]
[White "Petersson, Kjell"]
[Black "Degtiarev, Evgeny"]
[WhiteFideId "1705148"]
[BlackFideId "4149610"]
[WhiteElo "2137"]
[BlackElo "2375"]
[Result "0-1"]
[Round "4"]
[TimeControl "180+1"]
[Date "2023.11.14"]
[WhiteClock "0:00:22"]
[BlackClock "0:00:08"]
[Board "151"]

1. d4 Nf6 2. Bf4 d5 3. e3 c5 4. Nd2 Nc6 5. c3 Qb6 6. Qb3 c4 7. Qc2 g6 8. e4 dxe4 9. Nxe4 Nxe4 10. Qxe4 Qxb2 11. Rc1 Bg7 12. Bxc4 O-O 13. Ne2 Bf5 14. Qe3 Na5 15. Bd3 Bxd3 16. Qxd3 Qxa2 17. O-O Qc4 18. Qe3 e6 19. Bh6 b5 20. Bxg7 Kxg7 21. Qe5+ f6 22. Qd6 Rf7 23. Nf4 Re8 24. Rfe1 Rfe7 25. h4 Qc6 26. Qb4 Qc7 27. g3 a6 28. h5 Nc4 29. hxg6 hxg6 30. Qb1 f5 31. Qd3 Kf6 32. Qf3 Rh8 33. Kg2 Nd2 34. Qe3 Ne4 35. f3 Ng5 36. d5 e5 37. Nd3 Reh7 38. Rh1 Rxh1 39. Rxh1 Rxh1 40. Kxh1 Qxc3 41. Qb6+ Kg7 42. Qc7+ Nf7 43. Nf2 Qxc7 0-1


[Site "https://www.chess.com"]

[Event "Titled Tuesday Blitz November 14 Late 2023"]
[White "Van Osch, Mees"]
[Black "Feliz Dotel, Dewar Bienvenido"]
[WhiteFideId "1035967"]
[BlackFideId "6402801"]
[WhiteElo "2347"]
[BlackElo "2113"]
[Result "1-0"]
[Round "4"]
[TimeControl "180+1"]
[Date "2023.11.14"]
[WhiteClock "0:01:20"]
[BlackClock "0:00:00"]
[Board "152"]

1. e4 e5 2. Nf3 Nc6 3. Bb5 Nf6 4. O-O Nxe4 5. d4 Nd6 6. Bxc6 dxc6 7. dxe5 Nf5 8. Qxd8+ Kxd8 9. b3 h6 10. Bb2 Be6 11. Nc3 Bb4 12. Rad1+ Ke8 13. Ne4 Bd5 14. Ng3 Nxg3 15. hxg3 Bxf3 16. gxf3 Rd8 17. Kg2 a5 18. f4 Rxd1 19. Rxd1 Ke7 20. a4 Rd8 21. Rxd8 Kxd8 22. e6 f6 23. f5 Ke7 24. Kf3 h5 25. g4 hxg4+ 26. Kxg4 Bd2 27. Kh5 Bb4 28. Kg6 Kf8 29. Bc1 1-0


[Site "https://www.chess.com"]

[Event "Titled Tuesday Blitz November 14 Late 2023"]
[White "Smirnov, Timofey"]
[Black "chessjazda"]
[WhiteFideId "24176427"]
[WhiteElo "2103"]
[BlackElo "2334"]
[Result "0-1"]
[Round "4"]
[TimeControl "180+1"]
[Date "2023.11.14"]
[WhiteClock "0:00:00"]
[BlackClock "0:01:42"]
[Board "153"]

1. d4 d6 2. Bf4 Bf5 3. e3 Nd7 4. Nf3 h6 5. h3 g5 6. Bh2 Ngf6 7. Bd3 Bxd3 8. Qxd3 Bg7 9. c4 e6 10. Nc3 Qe7 11. a3 O-O 12. O-O c6 13. b4 e5 14. dxe5 Nxe5 15. Nxe5 dxe5 16. Rad1 Rad8 17. Qc2 Qe6 18. c5 Nd5 19. Nxd5 Rxd5 20. e4 Rd4 21. Rxd4 exd4 22. f3 Be5 23. Bxe5 Qxe5 24. Rd1 Rd8 25. Qd3 Qe6 26. Qe2 Kg7 27. Qf2 Qe5 28. g3 f6 29. Kg2 d3 30. Qe3 Qb2+ 31. Kg1 Qxa3 32. e5 Qxb4 33. exf6+ Kxf6 34. Rxd3 Qb1+ 35. Kg2 Qxd3 0-1


[Site "https://www.chess.com"]

[Event "Titled Tuesday Blitz November 14 Late 2023"]
[White "Ramadoss, Ashokkumar"]
[Black "katharinareinecke"]
[WhiteFideId "5040990"]
[WhiteElo "2332"]
[BlackElo "1954"]
[Result "1-0"]
[Round "4"]
[TimeControl "180+1"]
[Date "2023.11.14"]
[WhiteClock "0:00:45"]
[BlackClock "0:00:03"]
[Board "154"]

1. Nf3 d5 2. c4 c6 3. Qc2 Nf6 4. d4 e6 5. cxd5 exd5 6. Bg5 Be7 7. e3 O-O 8. Bd3 h6 9. Bh4 Re8 10. Nc3 Nbd7 11. O-O Nf8 12. Rab1 Ne6 13. b4 Nd7 14. Bg3 a5 15. b5 Nc7 16. bxc6 bxc6 17. Na4 Nb8 18. Ne5 Bd7 19. Nb6 Bd6 20. Nxa8 Nxa8 21. Rb7 Bxe5 22. Bxe5 f6 23. Rxb8 Qxb8 24. Bxb8 Rxb8 25. Rb1 Rc8 26. Bf5 Bxf5 27. Qxf5 Rd8 28. Qe6+ Kh7 29. Rb7 1-0


[Site "https://www.chess.com"]

[Event "Titled Tuesday Blitz November 14 Late 2023"]
[White "Curtis, John"]
[Black "Gasparyan, David"]
[WhiteFideId "3200256"]
[BlackFideId "13311980"]
[WhiteElo "2169"]
[BlackElo "2485"]
[Result "0-1"]
[Round "4"]
[TimeControl "180+1"]
[Date "2023.11.14"]
[WhiteClock "0:00:12"]
[BlackClock "0:00:50"]
[Board "155"]

1. e4 c5 2. Nf3 Nc6 3. c3 e6 4. d4 d5 5. e5 Qb6 6. Bd3 cxd4 7. cxd4 Bb4+ 8. Kf1 Bd7 9. Be3 Nh6 10. a3 Be7 11. Nc3 Ng4 12. Na4 Nxe3+ 13. fxe3 Qc7 14. Rc1 O-O 15. Nc5 Be8 16. Qc2 g6 17. Kf2 Rc8 18. Rhf1 b6 19. Na6 Qb7 20. Qe2 Bd7 21. b4 f6 22. exf6 Bxf6 23. Kg1 Kg7 24. Qb2 Ne7 25. b5 Nf5 26. Bxf5 exf5 27. Ne5 Rxc1 28. Rxc1 Rc8 29. Nxd7 Qxd7 30. a4 Bg5 31. Kf2 Qd8 32. g3 Bxe3+ 33. Kxe3 Rxc1 34. h4 Qe7+ 35. Kf3 Qe4+ 0-1


[Site "https://www.chess.com"]

[Event "Titled Tuesday Blitz November 14 Late 2023"]
[White "Weisz, Bryan"]
[Black "Mariia89"]
[WhiteFideId "30934133"]
[WhiteElo "2427"]
[BlackElo "2166"]
[Result "1-0"]
[Round "4"]
[TimeControl "180+1"]
[Date "2023.11.14"]
[WhiteClock "0:00:15"]
[BlackClock "0:00:02"]
[Board "156"]

1. d3 c5 2. Bg5 h6 3. Bh4 Nc6 4. Nc3 d5 5. e4 d4 6. Nd5 g5 7. Bg3 e5 8. h4 Be6 9. hxg5 Bxd5 10. exd5 Qxd5 11. gxh6 Rxh6 12. Rxh6 Bxh6 13. Qf3 Qe6 14. a3 Nf6 15. Bh4 Nd5 16. Nh3 Nce7 17. Bxe7 Nxe7 18. Qxb7 Rc8 19. Qxa7 e4 20. Be2 e3 21. Qb7 exf2+ 22. Nxf2 Qe3 23. Rd1 Kf8 24. Qf3 Qe6 25. Ne4 Nd5 26. Qh3 Ne3 27. Qxe6 Nxc2+ 28. Kf2 fxe6 29. Rh1 Be3+ 30. Kf3 Kg7 31. Bd1 Rf8+ 32. Kg3 Bf4+ 33. Kg4 Ne3+ 34. Kf3 Bd6+ 35. Ke2 Be7 36. Bb3 e5 37. Rh3 Rb8 38. Rg3+ Kf8 39. Rg8# 1-0


[Site "https://www.chess.com"]

[Event "Titled Tuesday Blitz November 14 Late 2023"]
[White "Su, Dion"]
[Black "ThePeasant98"]
[WhiteFideId "2029731"]
[WhiteElo "2403"]
[BlackElo "2151"]
[Result "1-0"]
[Round "4"]
[TimeControl "180+1"]
[Date "2023.11.14"]
[WhiteClock "0:00:10"]
[BlackClock "0:00:22"]
[Board "157"]

1. e4 c5 2. Nf3 d6 3. d4 cxd4 4. Nxd4 Nf6 5. Nc3 Nc6 6. f3 e5 7. Nb3 Be6 8. Be3 Be7 9. Qd2 d5 10. exd5 Nxd5 11. Nxd5 Qxd5 12. Qxd5 Bxd5 13. O-O-O O-O-O 14. Bb5 Kb8 15. c4 Be6 16. Bxc6 bxc6 17. Na5 Rc8 18. b3 Bb4 19. Bd2 Ba3+ 20. Kc2 Bf5+ 21. Kc3 Bc5 22. b4 Bd4+ 23. Kb3 c5 24. b5 Bd7 25. Rhe1 a6 26. a4 Ka7 27. Bc3 Kb6 28. Bd2 Ra8 29. Nc6 Bxc6 30. bxc6 Kxc6 31. f4 Rab8+ 32. Kc2 f6 33. fxe5 fxe5 34. Bc3 Rhe8 35. Rf1 Re7 36. Rb1 Rxb1 37. Kxb1 Rb7+ 38. Kc2 Kd6 39. Rf8 Ke6 40. Ra8 Rb6 41. a5 Rc6 42. Bd2 Kf5 43. Rb8 Rc7 44. Ra8 Rb7 45. Rxa6 Rb2+ 46. Kd1 Ke4 47. Rb6 Ra2 48. a6 Kd3 49. Bc1 Ra1 50. Rb3+ Kxc4 51. Ra3 Rb1 52. a7 Bb2 53. Ra4+ Kb5 54. a8=Q Rxc1+ 55. Kd2 1-0


[Site "https://www.chess.com"]

[Event "Titled Tuesday Blitz November 14 Late 2023"]
[White "Tsukerman, Julia"]
[Black "PapaieDudu"]
[WhiteFideId "2621649"]
[WhiteElo "2143"]
[BlackElo "2399"]
[Result "1-0"]
[Round "4"]
[TimeControl "180+1"]
[Date "2023.11.14"]
[WhiteClock "0:00:06"]
[BlackClock "0:00:06"]
[Board "158"]

1. e4 c5 2. Nf3 d6 3. d4 cxd4 4. Nxd4 Nf6 5. Nc3 a6 6. Be3 e6 7. f3 b5 8. Qd2 Nbd7 9. O-O-O Bb7 10. g4 Nb6 11. h4 Be7 12. h5 Rc8 13. Qf2 Nfd7 14. Rg1 O-O 15. g5 Rxc3 16. bxc3 d5 17. Bd3 Qc7 18. Qd2 Na4 19. Ne2 Ne5 20. Bf4 Bd6 21. g6 Qa5 22. gxh7+ Kh8 23. Rdf1 b4 24. Bxe5 Bxe5 25. cxb4 Qb6 26. c3 Rc8 27. Kb1 a5 28. f4 axb4 29. cxb4 Bb2 30. exd5 Bxd5 31. Rc1 Bc3 32. Nxc3 Nxc3+ 33. Rxc3 Qxg1+ 34. Kb2 Ra8 35. a3 Rxa3 36. Rxa3 Qd4+ 37. Qc3 Qf2+ 38. Qc2 Qd4+ 39. Rc3 Qxb4+ 40. Kc1 Qxf4+ 41. Qd2 Qb8 42. Qc2 g5 43. Rc8+ Kg7 44. Rxb8 Kf6 45. Qc3+ e5 46. h8=Q+ Ke6 47. Qe8+ Kf6 48. Qcc8 Be6 49. Qcd8+ Kg7 50. Qh8# 1-0


[Site "https://www.chess.com"]

[Event "Titled Tuesday Blitz November 14 Late 2023"]
[White "Michalski, Olaf"]
[Black "AndresDelgado77"]
[WhiteFideId "1106740"]
[WhiteElo "2131"]
[BlackElo "2325"]
[Result "0-1"]
[Round "4"]
[TimeControl "180+1"]
[Date "2023.11.14"]
[WhiteClock "0:00:00"]
[BlackClock "0:00:58"]
[Board "159"]

1. d4 Nf6 2. c4 e5 3. dxe5 Ng4 4. Bf4 g5 5. Bg3 Bg7 6. Nf3 Nc6 7. e3 Ngxe5 8. Nxe5 Nxe5 9. Nc3 d6 10. Be2 Be6 11. O-O Qd7 12. c5 dxc5 13. Ne4 h5 14. Nxc5 Qxd1 15. Rfxd1 Bc8 16. f4 h4 17. Bf2 gxf4 18. exf4 Ng6 19. f5 Ne7 20. Bf3 c6 21. Ne4 Nxf5 22. Re1 O-O 0-1


[Site "https://www.chess.com"]

[Event "Titled Tuesday Blitz November 14 Late 2023"]
[White "Lopez Del Alamo, Antonio"]
[Black "Fernandez Hernandez, Gerardo"]
[WhiteFideId "2227339"]
[BlackFideId "2207400"]
[WhiteElo "2325"]
[BlackElo "2113"]
[Result "0-1"]
[Round "4"]
[TimeControl "180+1"]
[Date "2023.11.14"]
[WhiteClock "0:00:03"]
[BlackClock "0:00:48"]
[Board "160"]

1. e4 e6 2. d3 d5 3. Nd2 Nf6 4. Ngf3 Nc6 5. c3 dxe4 6. dxe4 a5 7. a4 e5 8. Bb5 Bd6 9. Qe2 O-O 10. O-O Ne7 11. Re1 Ng6 12. Nf1 c6 13. Bc4 Qe7 14. Ng3 Bc5 15. h3 Nf4 16. Bxf4 exf4 17. Nf5 Bxf5 18. exf5 Qxe2 19. Rxe2 Rfe8 20. Rae1 Rxe2 21. Rxe2 Re8 22. Ne5 Re7 23. Kf1 Bd6 24. Nxf7 Rxf7 25. Rd2 Bf8 26. Rd8 Nd5 27. Bxd5 cxd5 28. Rxd5 b6 29. Ke2 Bc5 30. f3 Re7+ 31. Kd3 Kf7 32. Kc4 Kf6 33. b4 axb4 34. cxb4 Be3 35. Rd6+ Kxf5 36. Kb5 Ke5 37. Rc6 g5 38. a5 bxa5 39. bxa5 h5 40. a6 Kd4 41. Rh6 h4 42. Rg6 Re5+ 43. Kc6 Kd3 44. Kb7 Ke2 45. a7 Bxa7 46. Kxa7 Kf2 47. Kb6 Kxg2 48. Kc6 Kxf3 49. Kd6 Ra5 0-1


[Site "https://www.chess.com"]

[Event "Titled Tuesday Blitz November 14 Late 2023"]
[White "Bazzano, Sebastian"]
[Black "Oliveira, Tiago Batista"]
[WhiteFideId "104566"]
[BlackFideId "2108291"]
[WhiteElo "2310"]
[BlackElo "2072"]
[Result "1-0"]
[Round "4"]
[TimeControl "180+1"]
[Date "2023.11.14"]
[WhiteClock "0:01:06"]
[BlackClock "0:00:19"]
[Board "161"]

1. d4 Nf6 2. Bf4 g6 3. Nc3 Bg7 4. e4 d6 5. Qd2 O-O 6. O-O-O Nbd7 7. Nf3 c6 8. Bh6 Qa5 9. h4 b5 10. Bxg7 Kxg7 11. e5 dxe5 12. dxe5 Ng4 13. h5 b4 14. Nb1 Ndxe5 15. hxg6 hxg6 16. Nxe5 Qxe5 17. f3 Ne3 18. Re1 Nxf1 19. Qh6+ Kf6 20. Rxe5 1-0


[Site "https://www.chess.com"]

[Event "Titled Tuesday Blitz November 14 Late 2023"]
[White "Minina, Veronika"]
[Black "miraitrunks"]
[WhiteFideId "4174780"]
[WhiteElo "2290"]
[BlackElo "2071"]
[Result "0-1"]
[Round "4"]
[TimeControl "180+1"]
[Date "2023.11.14"]
[WhiteClock "0:00:00"]
[BlackClock "0:00:35"]
[Board "162"]

1. Nf3 c5 2. g3 Nc6 3. c4 g6 4. Bg2 Bg7 5. O-O e5 6. d3 Nge7 7. Nc3 O-O 8. a3 h6 9. Rb1 a5 10. Ne1 d6 11. Nc2 Be6 12. Bd2 Qd7 13. Re1 Bh3 14. Bh1 f5 15. b4 axb4 16. axb4 f4 17. bxc5 dxc5 18. Na1 fxg3 19. hxg3 h5 20. Nb3 b6 21. Na1 h4 22. Ne4 hxg3 23. Nxg3 Nf5 24. Rxb6 Nxg3 25. Bd5+ Kh8 26. e3 Qf5 27. Re2 Qxd3 28. fxg3 Rf1+ 29. Qxf1 Bxf1 30. Rh2+ Bh6 31. Rxh6+ Kg7 32. Bxc6 Rxa1 33. Rb7+ Kxh6 34. e4+ Qxd2 0-1


[Site "https://www.chess.com"]

[Event "Titled Tuesday Blitz November 14 Late 2023"]
[White "Winkels, Marcel"]
[Black "Senft, Sean"]
[WhiteFideId "1003887"]
[BlackFideId "2044960"]
[WhiteElo "2064"]
[BlackElo "2275"]
[Result "1-0"]
[Round "4"]
[TimeControl "180+1"]
[Date "2023.11.14"]
[WhiteClock "0:01:07"]
[BlackClock "0:01:22"]
[Board "163"]

1. e4 c5 2. Nf3 d6 3. d4 cxd4 4. Nxd4 Nf6 5. Nc3 a6 6. h3 e6 7. g4 Be7 8. Bg2 Nfd7 9. O-O O-O 10. Be3 Nc6 11. f4 Qc7 12. g5 Nxd4 13. Qxd4 b5 14. Rf2 Bb7 15. a3 Rac8 16. h4 Nb6 17. Qxb6 Qb8 18. f5 d5 19. f6 Bd8 20. Qa7 Qd6 21. fxg7 Kxg7 22. Qxb7 Rc7 23. Qb6 Rc6 24. Qd4+ e5 25. Qxd5 Qc7 26. Raf1 1-0


[Site "https://www.chess.com"]

[Event "Titled Tuesday Blitz November 14 Late 2023"]
[White "ilya2700"]
[Black "Elbebiber"]
[WhiteElo "2260"]
[BlackElo "2055"]
[Result "1-0"]
[Round "4"]
[TimeControl "180+1"]
[Date "2023.11.14"]
[WhiteClock "0:01:12"]
[BlackClock "0:00:07"]
[Board "164"]

1. d4 e6 2. c4 Nf6 3. Nf3 Bb4+ 4. Nbd2 b6 5. g3 Bb7 6. Bg2 O-O 7. O-O Bxd2 8. Bxd2 d6 9. Bf4 Nbd7 10. Qc2 Be4 11. Qc3 a5 12. Rfd1 Re8 13. b3 h6 14. a3 Qe7 15. Rac1 e5 16. dxe5 Nxe5 17. b4 axb4 18. axb4 Nxf3+ 19. exf3 Bb7 20. c5 Nd5 21. Qd2 Nxf4 22. Qxf4 bxc5 23. bxc5 Qe5 24. Qb4 Rab8 25. f4 Bxg2 26. Qxb8 Rxb8 27. fxe5 Bf3 28. Rd3 1-0


[Site "https://www.chess.com"]

[Event "Titled Tuesday Blitz November 14 Late 2023"]
[White "Broca Jimenez, Fernando"]
[Black "Desideri, Ricardo Maruchi"]
[WhiteFideId "5104742"]
[BlackFideId "2110440"]
[WhiteElo "2204"]
[BlackElo "1979"]
[Result "1-0"]
[Round "4"]
[TimeControl "180+1"]
[Date "2023.11.14"]
[WhiteClock "0:00:34"]
[BlackClock "0:00:00"]
[Board "165"]

1. e4 c5 2. c3 g6 3. d4 cxd4 4. cxd4 d5 5. e5 Nh6 6. Nc3 Bg7 7. Bb5+ Nc6 8. Bg5 O-O 9. h3 f6 10. exf6 exf6 11. Bf4 Re8+ 12. Nge2 Nf5 13. O-O a6 14. Ba4 Be6 15. Rc1 Bf7 16. Bxc6 bxc6 17. Na4 Rxe2 18. Qxe2 Nxd4 19. Qd2 f5 20. Be3 Ne6 21. Rfd1 Qe8 22. Nc5 Nxc5 23. Bxc5 Rb8 24. b3 Qd7 25. Re1 Rb5 26. b4 Bf6 27. a4 Rb8 28. Re2 Kg7 29. Rce1 a5 30. bxa5 Rb3 31. a6 Bc3 32. Bd4+ Bxd4 33. Qxd4+ Kg8 34. Re7 Qd6 35. a7 1-0


[Site "https://www.chess.com"]

[Event "Titled Tuesday Blitz November 14 Late 2023"]
[White "Gyulamiryan-koryun"]
[Black "Darko-Dimitrijevic"]
[WhiteElo "1873"]
[BlackElo "2196"]
[Result "0-1"]
[Round "4"]
[TimeControl "180+1"]
[Date "2023.11.14"]
[WhiteClock "0:00:00"]
[BlackClock "0:00:10"]
[Board "166"]

1. e4 d6 2. d4 c6 3. f4 Nf6 4. Nc3 Qb6 5. Nf3 Bg4 6. Be3 d5 7. e5 Ne4 8. Be2 Qxb2 9. Nxe4 dxe4 10. Nd2 Bxe2 11. Kxe2 e6 12. Rb1 Qxa2 13. Rxb7 Qa6+ 14. Kf2 Qxb7 15. Nxe4 Nd7 16. Qa1 Rb8 17. Qc3 Be7 18. Ra1 a6 19. Nd6+ Bxd6 20. exd6 O-O 21. Qd3 Qb5 22. Qa3 Nf6 23. Kf3 Nd5 24. Qxa6 Qb2 25. Ra2 Qc3 26. Qa3 Rfd8 27. Qxc3 Nxc3 28. Ra6 Rxd6 29. f5 Nd5 30. Bf2 Rc8 31. Bg3 Rd7 32. c4 Nf6 33. fxe6 fxe6 0-1


[Site "https://www.chess.com"]

[Event "Titled Tuesday Blitz November 14 Late 2023"]
[White "Vargas, Mauricio"]
[Black "Ferrufino, Boris"]
[WhiteFideId "4404572"]
[BlackFideId "3300170"]
[WhiteElo "1850"]
[BlackElo "2180"]
[Result "0-1"]
[Round "4"]
[TimeControl "180+1"]
[Date "2023.11.14"]
[WhiteClock "0:00:00"]
[BlackClock "0:01:34"]
[Board "167"]

1. e4 c5 2. Nc3 Nc6 3. f4 d6 4. Nf3 Bg4 5. Bb5 e6 6. Bxc6+ bxc6 7. O-O g6 8. d3 Bg7 9. Qe1 Bxf3 10. Rxf3 Ne7 11. b3 O-O 12. Rb1 Qa5 13. Bd2 Qc7 14. Na4 f6 15. c4 Rae8 16. Rh3 Kh8 17. Qh4 h6 18. g4 Kg8 19. g5 fxg5 20. fxg5 h5 21. Rf1 Rxf1+ 22. Kxf1 Rf8+ 23. Ke2 Nc8 24. Rf3 Rxf3 25. Kxf3 Be5 26. Qh3 Qf7+ 27. Ke2 Nb6 28. Nc3 Nd7 29. Qf3 Qe7 30. h4 Bd4 31. Na4 Ne5 32. Qf6 Qxf6 33. gxf6 Ng4 34. Bg5 Nxf6 35. Kf3 Kf7 36. Bc1 Ng4 37. Nb2 Ne5+ 38. Ke2 Bxb2 39. Bxb2 Kf6 40. Bc3 g5 41. hxg5+ Kxg5 42. Bd2+ Kg4 43. Ke3 h4 44. d4 cxd4+ 45. Kxd4 c5+ 46. Ke3 h3 47. Kf2 Nf3 48. Be3 a6 0-1


[Site "https://www.chess.com"]

[Event "Titled Tuesday Blitz November 14 Late 2023"]
[White "Maghsoodloo, Parham"]
[Black "Nakamura, Hikaru"]
[WhiteFideId "12539929"]
[BlackFideId "2016192"]
[WhiteElo "2967"]
[BlackElo "3296"]
[Result "1-0"]
[Round "5"]
[TimeControl "180+1"]
[Date "2023.11.14"]
[WhiteClock "0:00:08"]
[BlackClock "0:00:01"]
[Board "1"]

1. d4 Nf6 2. Nf3 e6 3. Bf4 b5 4. e3 a6 5. h3 Bb7 6. a4 b4 7. Bd3 c5 8. Nbd2 d5 9. c3 c4 10. Bc2 Qa5 11. cxb4 Bxb4 12. O-O Nbd7 13. Nb1 O-O 14. Ne5 Nxe5 15. Bxe5 Nd7 16. Bf4 Rac8 17. Nc3 f5 18. Ne2 Qb6 19. Bg3 a5 20. Rb1 Ba6 21. f3 Qc6 22. Be1 Rb8 23. Bc3 Rb6 24. Qe1 Nf6 25. g4 g6 26. Nf4 Rfb8 27. Qh4 Be7 28. gxf5 exf5 29. Qg3 Qd7 30. Kf2 Bd6 31. Qg5 Be7 32. Qg3 Kh8 33. Rg1 Qe8 34. Bxf5 Qf7 35. Bxg6 Qg7 36. Bc2 Qxg3+ 37. Rxg3 Bb4 38. Re1 Rf8 39. Re2 Bc8 40. h4 Bd7 41. Rg5 Be6 42. Re5 Bg8 43. Bf5 Bd6 44. Bxa5 Ra6 45. Bc3 Rxa4 46. Ne6 Rb8 47. Nc5 Ra1 48. Be6 Bxe5 49. dxe5 Nh5 50. Bg4 Ng7 51. h5 h6 52. e6 Kh7 53. Nd7 Rb7 54. Nf8+ Kh8 55. e7 Bf7 56. Ne6 Rxe7 57. Nxg7 Kh7 58. Nf5 Rb7 59. Nd6 Rba7 60. Bf5+ Kg8 61. Nxf7 Kxf7 62. e4 Rh1 63. Bg6+ Ke6 64. exd5+ Kxd5 65. Kg2 Raa1 66. Kg3 Rag1+ 67. Kf4 Rg5 68. Re5+ Rxe5 69. Bxe5 Rh4+ 70. Kf5 Rh3 71. f4 Kc6 72. Ke6 Ra3 73. f5 1-0


[Site "https://www.chess.com"]

[Event "Titled Tuesday Blitz November 14 Late 2023"]
[White "Naroditsky, Daniel"]
[Black "Grischuk, Alexander"]
[WhiteFideId "2026961"]
[BlackFideId "4126025"]
[WhiteElo "3106"]
[BlackElo "2943"]
[Result "1/2-1/2"]
[Round "5"]
[TimeControl "180+1"]
[Date "2023.11.14"]
[WhiteClock "0:00:17"]
[BlackClock "0:00:14"]
[Board "2"]

1. e4 e5 2. Nf3 Nc6 3. Nc3 Nf6 4. g3 Bc5 5. Bg2 d6 6. d3 a5 7. O-O O-O 8. h3 a4 9. a3 h6 10. Be3 Re8 11. Kh2 Be6 12. d4 exd4 13. Nxd4 Bd7 14. Nxc6 Bxc6 15. Re1 Nd7 16. f4 Qf6 17. Qd2 Bxe3 18. Rxe3 Nb6 19. Qd3 Ra5 20. Rae1 Nd7 21. Qd2 Raa8 22. Qf2 Rad8 23. R3e2 Nb6 24. Qe3 Nc4 25. Qc1 Qd4 26. Nd1 Re7 27. c3 Qb6 28. Ne3 Nxe3 29. Rxe3 Rde8 30. g4 Qc5 31. Qd2 b6 32. Qd3 Bb5 33. Qd2 Bc6 34. Qd3 Bb5 35. Qd2 Bc6 1/2-1/2


[Site "https://www.chess.com"]